 Dungeon Crawl Stone Soup version 0.28-a0-957-g42eb19b844 (webtiles) character file.

Game seed: 4999989242854797723

109 a11behringer the Ruffian (level 4, -2/35 HPs)
             Began as a Draconian Transmuter on Nov 30, 2021.
             Slain by Natasha (7 damage)
             ... on level 2 of the Dungeon.
             The game lasted 00:08:17 (1660 turns).

a11behringer the Ruffian (Draconian Transmuter)     Turns: 1660, Time: 00:08:19

Health: -2/35      AC:  5    Str: 12    XL:     4   Next: 59%
Magic:  7/7        EV: 16    Int: 16    God:
Gold:   65         SH:  0    Dex: 11    Spells: 4/7 levels left

rFire   . . .      SeeInvis .     - Unarmed
rCold   . . .      Faith    .   (no shield)
rNeg    . . .      Spirit   .   (armour unavailable)
rPois   .          Reflect  .   (helmet currently unavailable)
rElec   .          Harm     .   (no cloak)
rCorr   .          Rampage  .   (no gloves)
Will    .....                   (boots currently unavailable)
Stlth   +.........              b - amulet of magic regeneration
HPRegen 0.11/turn               c - +4 ring of evasion
MPRegen 0.50/turn               (no ring)

@: appendages, slowed, very slow
A: horns 2, talons 2, AC +5, unfitting armour, cold-blooded
a: End Transformation


You were on level 2 of the Dungeon.
You had temporarily grown beastly horns and talons.
You visited 1 branch of the dungeon, and saw 2 of its levels.

You collected 65 gold pieces.

Inventory:

Jewellery
 b - an amulet of magic regeneration (around neck)
 c - a +4 ring of evasion (left hand)
Potions
 a - a potion of ambrosia {unknown}
 e - a potion of heal wounds


   Skills:
 + Level 1.2 Fighting
 + Level 2.1 Dodging
 + Level 0.4 Stealth
 * Level 4.5 Unarmed Combat
 + Level 2.4 Spellcasting
 + Level 2.4 Transmutations


You had 4 spell levels left.
You knew the following spells:

 Your Spells              Type           Power      Damage    Failure   Level
a - Beastly Appendage     Tmut           18%        N/A       7%          1
b - Wereblood             Tmut           9%         N/A       11%         2

Your spell library contained the following spells:

 Spells                   Type           Power      Damage    Failure   Level
 Spider Form              Tmut/Pois      5%         N/A       34%         3
 Ice Form                 Ice/Tmut       5%         N/A       75%         4


Dungeon Overview and Level Annotations

Branches:
Dungeon (2/15)

Altars:

Annotations:
D:2 Natasha


Innate Abilities, Weirdness & Mutations

You have temporarily grown beastly horns and talons.
Your plain brown scales are hard. (AC +5)
You cannot fit into any form of body armour.
You are cold-blooded and may be slowed by cold attacks.


Message History

Your amulet of magic regeneration unmelds from your body.
Natasha mumbles some strange words.
You feel disoriented. Natasha casts a spell at you. The magic dart hits you.
You hit Natasha but do no damage.
Natasha is heavily wounded.
Natasha completely misses you.
You barely miss Natasha.
Natasha is heavily wounded.
Natasha casts a spell at you. The magic dart hits you.
You hit Natasha but do no damage.
Natasha is heavily wounded.
Natasha claws you but does no damage. Natasha closely misses you.
You hit Natasha but do no damage.
Natasha is heavily wounded.
Natasha stares at you and mumbles some strange words.
You resist with some effort.
You punch Natasha!
You kill Natasha!
Natasha yowls pathetically as she dies!
Natasha, Servant of Life and Death comes into view.
Casting: Beastly Appendage (safe; 7% risk of failure)
Press: ? - help, Q - select action, (/) - cycle Dir - look around, f - activate You grow a pair of large bovine horns.
Your feet morph into talons.
Natasha drinks a potion.
Natasha seems to speed up.
Natasha claws you but does no damage. Natasha claws you.
You hit Natasha. Your headbutt misses Natasha. You tail-slap Natasha.
Natasha is heavily wounded.
Natasha claws you! Natasha claws you.
* * * LOW HITPOINT WARNING * * *
You hit Natasha. You claw Natasha, but do no damage.
Your headbutt misses Natasha. You tail-slap Natasha.
Natasha is almost dead.
Natasha casts a spell at you. The magic dart hits you.
* * * LOW HITPOINT WARNING * * *
Natasha claws you!
You die...

#...###.###...#.... ...
##
#........#......#.#####
##. #...###......##.#.#
##.. #...# ##.....#
...# #... #...# #.....#
.. ##... #...# ##.....#
.# ...... ##.##
#......#..# ####.. #.#
##.#......### #... #.#
#..#..@h#.... #...
#.###.##.........# #...
#.....##..##......#
#... #..#####...
..#....#####.#. #).#
#...##....#.......##
#..# #...#
##.....#..#### ##..#
#.....# ##<.........#
####...###....#
##......##.#
#........#....#
#...........


You could see Natasha (fast).

Vanquished Creatures
  Natasha (twice) (D:2)
  2 worms (D:2)
  3 orcs (D:2)
  6 ball pythons
  7 endoplasms
  2 giant cockroaches
  3 goblins (D:2)
  4 hobgoblins
  5 quokkas
  3 bats
  6 frilled lizards
  3 kobolds
  2 rats (D:1)
48 creatures vanquished.

Notes
Turn   | Place    | Note
-------+----------+-------------------------------------------
     0 | D:1      | a11behringer the Draconian Transmuter began the quest for
                  | the Orb.
     0 | D:1      | Reached XP level 1. HP: 16/16 MP: 3/3
   338 | D:1      | Reached XP level 2. HP: 19/23 MP: 5/5
   341 | D:1      | Learned a level 2 spell: Wereblood
  1270 | D:2      | Reached XP level 3. HP: 28/28 MP: 6/6
  1483 | D:2      | Reached skill level 4 in Unarmed Combat
  1572 | D:2      | Noticed Natasha
  1578 | D:2      | Killed Natasha
  1579 | D:2      | Reached XP level 4. HP: 35/35 MP: 7/7
  1607 | D:2      | Noticed Natasha
  1650 | D:2      | Killed Natasha
  1655 | D:2      | Noticed Natasha
  1660 | D:2      | Slain by Natasha

Illustrated notes

Levels and vault maps discovered:
D:1:      roderic_dead_forest, layout_basic,
          nicolae_concentric_dashed_squares_mild, minmay_tall_x
D:2:      layout_rooms, guppyfry_early_orc_mine, uniq_natasha

Skill      XL: |  1  2  3 |
---------------+----------+-----
Dodging        | 2 |  2.1
Unarmed Combat | 4 |  4.5
Fighting       | |  1.2
Stealth        | |  0.4
Spellcasting   | |  2.4
Transmutations | |  2.4

Action                   |  1- 3 |  4- 6 || total
-------------------------+-------+-------++-------
Melee: Unarmed           |   120 |    11 ||   131
       Kick              |    22 |     4 ||    26
       Headbutt          |    14 |       ||    14
       Tailslap          |     7 |     2 ||     9
       Punch             |     1 |       ||     1
 Cast: Beastly Appendage |    25 |     3 ||    28
       Wereblood         |     5 |     1 ||     6
  Use: Scroll            |     2 |     2 ||     4
 Stab: Sleeping          |     1 |       ||     1
Armor: Skin              |    17 |    19 ||    36
Dodge: Dodged            |    76 |    13 ||    89

Table legend: (Time is in decaauts)
 A = Elapsed time spent in this place.
 B = Non-inter-level travel time spent in this place.
 C = Inter-level travel time spent in this place.
 D = Time resting spent in this place.
 E = Time spent auto-exploring this place.
 F = Levels seen in this place.
 G = Mean time per level.
                   A        B        C        D        E       F      G
               +--------+--------+--------+--------+--------+-----+--------+
         Total |   1669 |   1462 |    207 |      0 |   1099 |   2 |  834.5 |
       Dungeon |   1669 |   1462 |    207 |      0 |   1099 |   2 |  834.5 |
               +--------+--------+--------+--------+--------+-----+--------+

Top non-repeatable levels by time:
     D:1: 1250 daAuts
     D:2: 419 daAuts
